General information
- name: BNet
- type: Ladder team game (AT/RT)
- host: Battle.net
- saver: PLANTZZOMBIES.
map: MarketSquare
- players: 8
- length: 18:24
- speed: Fast
- version: 1.27 W3XP
- replay type: Public
» download(118 KB)
Players
team 1 (loser)

»
n_the_beginning (
blue | 26 APM | 486 actions | 18:23)
6 Tauren Chieftain
3 Endurance Aura
2 War Stomp
1 Reincarnation
» actions
| Build / train | 88 | |
| Enter build submenu | 16 | |
| Enter hero's abilities submenu | 6 | |
| Give item / drop item | 2 | |
| Right click | 164 | |
| Select / deselect | 122 | |
| Use ability | 88 | |
486 total
» units
| Peon | 21 | |
| Wind Rider | 24 | |
| Raider | 6 | |
| Kodo Beast | 1 | |
52 total
» upgrades
| Spiked Barricades | 2 | |
| Ranged Weapons | 2 | |
| Pillage | 1 | |
| Melee Weapons | 2 | |
| Armor | 1 | |
| Ensnare | 1 | |
| Envenomed Spears | 2 | |
11 total
» buildings
| War Mill | 1 | |
| Orc Burrow | 8 | |
| Altar of Storms | 1 | |
| Watch Tower | 7 | |
| Voodoo Lounge | 2 | |
| Stronghold | 1 | |
| Beastiary | 3 | |
| Great Hall | 1 | |
| Fortress | 2 | |
26 total
» build order
00:28 War Mill
00:44 Orc Burrow
01:02 Altar of Storms
01:45 Watch Tower
02:02 Voodoo Lounge
02:26 Watch Tower
03:07 Watch Tower
03:09 Watch Tower
03:44 Stronghold
04:55 Watch Tower
04:56 Watch Tower
06:28 Beastiary
06:29 Beastiary
06:30 Beastiary
06:33 Orc Burrow
06:35 Orc Burrow
06:36 Orc Burrow
06:37 Orc Burrow
07:04 Watch Tower
07:53 Voodoo Lounge
09:20 Great Hall
14:47 Fortress
14:47 Fortress
15:29 Orc Burrow
15:29 Orc Burrow
15:30 Orc Burrow
» items
| Dust of Appearance | 1 | |
| Rod of Necromancy | 1 | |
| Boots of Speed | 4 | |
| Scroll of Town Portal | 1 | |
| Potion of Lesser Invulnerability | 2 | |
9 total

»
sorry (
pink | 83 APM | 996 actions | 12:00)
2 Death Knight
1 Death Coil
1 Unholy Aura
» actions
| Assign group hotkey | 12 | |
| Basic commands | 151 | |
| Build / train | 28 | |
| Enter build submenu | 14 | |
| Enter hero's abilities submenu | 2 | |
| Right click | 466 | |
| Select / deselect | 168 | |
| Select group hotkey | 126 | |
| Use ability | 29 | |
996 total
» units
| Acolyte | 6 | |
| Ghoul | 4 | |
| Crypt Fiend | 5 | |
15 total
» upgrades
» buildings
| Ziggurat | 4 | |
| Altar of Darkness | 1 | |
| Tomb of Relics | 1 | |
| Nerubian Tower | 1 | |
| Graveyard | 1 | |
| Crypt | 3 | |
| Halls of the Dead | 1 | |
| Spirit Tower | 3 | |
15 total
» build order
00:05 Ziggurat
00:11 Altar of Darkness
00:42 Tomb of Relics
00:56 Nerubian Tower
01:47 Graveyard
01:58 Crypt
02:00 Crypt
02:35 Ziggurat
06:49 Ziggurat
08:46 Crypt
08:54 Ziggurat
09:20 Halls of the Dead
10:00 Spirit Tower
11:38 Spirit Tower
» items
Dalarin (
red | 28 APM | 503 actions | 18:17)
3 Mountain King
2 Storm Bolt
1 Bash
2 Paladin
1 Holy Light
1 Devotion Aura
» actions
| Assign group hotkey | 14 | |
| Basic commands | 1 | |
| Build / train | 37 | |
| Enter build submenu | 15 | |
| Enter hero's abilities submenu | 5 | |
| Right click | 148 | |
| Select / deselect | 145 | |
| Select group hotkey | 102 | |
| Use ability | 36 | |
503 total
» units
» upgrades
| Masonry | 1 | |
| Swords | 3 | |
| Armor | 2 | |
| Lumber Harvesting | 2 | |
| Storm Hammers | 1 | |
9 total
» buildings
| Lumber Mill | 1 | |
| Altar of Kings | 1 | |
| Farm | 11 | |
| Barracks | 1 | |
| Keep | 1 | |
| Blacksmith | 1 | |
| Arcane Vault | 1 | |
| Gryphon Aviary | 2 | |
| Castle | 1 | |
| Workshop | 1 | |
21 total
» build order
00:13 Lumber Mill
00:23 Altar of Kings
00:40 Farm
00:42 Farm
01:29 Barracks
01:47 Farm
02:38 Keep
02:43 Farm
02:48 Farm
03:32 Blacksmith
03:47 Arcane Vault
03:51 Farm
03:51 Farm
03:54 Farm
05:00 Gryphon Aviary
05:03 Castle
06:29 Gryphon Aviary
10:04 Farm
10:04 Farm
10:04 Farm
15:00 Workshop

»
shook (
green | 58 APM | 1055 actions | 18:13)
3 Death Knight
2 Death Coil
1 Unholy Aura
1 Lich
1 Frost Nova
» actions
| Assign group hotkey | 26 | |
| Basic commands | 62 | |
| Build / train | 50 | |
| ESC pressed | 1 | |
| Enter build submenu | 20 | |
| Enter hero's abilities submenu | 4 | |
| Right click | 455 | |
| Select / deselect | 212 | |
| Select group hotkey | 154 | |
| Use ability | 71 | |
1055 total
» units
| Acolyte | 17 | |
| Ghoul | 5 | |
| Crypt Fiend | 6 | |
| Obsidian Statue | 3 | |
31 total
» upgrades
» buildings
| Crypt | 1 | |
| Altar of Darkness | 1 | |
| Ziggurat | 9 | |
| Tomb of Relics | 2 | |
| Graveyard | 1 | |
| Nerubian Tower | 2 | |
| Halls of the Dead | 1 | |
| Spirit Tower | 1 | |
| Slaughterhouse | 1 | |
| Black Citadel | 2 | |
21 total
» build order
00:08 Crypt
00:13 Altar of Darkness
00:27 Ziggurat
00:58 Tomb of Relics
01:02 Tomb of Relics
01:44 Ziggurat
02:04 Graveyard
02:55 Ziggurat
02:59 Nerubian Tower
02:59 Nerubian Tower
05:00 Halls of the Dead
06:05 Ziggurat
06:08 Ziggurat
07:01 Spirit Tower
08:11 Slaughterhouse
08:14 Ziggurat
08:22 Black Citadel
14:47 Black Citadel
14:53 Ziggurat
15:13 Ziggurat
16:49 Ziggurat
» items
| Rod of Necromancy | 3 | |
| Dust of Appearance | 3 | |
6 total
team 2 (winner)
kbilly (
purple | 60 APM | 1110 actions | 18:24)
4 Blademaster
2 Wind Walk
2 Critical Strike
3 Shadow Hunter
1 Hex
2 Healing Wave
1 Tauren Chieftain
1 Endurance Aura
» actions
| Assign group hotkey | 30 | |
| Basic commands | 21 | |
| Build / train | 72 | |
| Enter build submenu | 19 | |
| Enter hero's abilities submenu | 8 | |
| Give item / drop item | 1 | |
| Right click | 364 | |
| Select / deselect | 172 | |
| Select group hotkey | 335 | |
| Use ability | 88 | |
1110 total
» units
| Peon | 16 | |
| Grunt | 4 | |
| Raider | 4 | |
| Spirit Walker | 3 | |
| Troll Headhunter/Berserker | 2 | |
| Troll Witch Doctor | 2 | |
| Kodo Beast | 1 | |
32 total
» upgrades
| Pillage | 1 | |
| Spirit Walker Training | 1 | |
| Ensnare | 1 | |
| Melee Weapons | 2 | |
| Armor | 2 | |
| Spiked Barricades | 1 | |
| Witch Doctor Training | 2 | |
| Berserker Upgrade | 1 | |
11 total
» buildings
| Altar of Storms | 1 | |
| Orc Burrow | 6 | |
| Barracks | 1 | |
| Voodoo Lounge | 2 | |
| Stronghold | 1 | |
| Spirit Lodge | 1 | |
| Beastiary | 1 | |
| War Mill | 1 | |
| Fortress | 1 | |
| Great Hall | 1 | |
| Watch Tower | 5 | |
21 total
» build order
00:09 Altar of Storms
00:17 Orc Burrow
00:40 Barracks
01:34 Orc Burrow
01:55 Voodoo Lounge
03:35 Orc Burrow
03:54 Stronghold
06:21 Spirit Lodge
06:23 Beastiary
07:02 War Mill
08:05 Orc Burrow
10:40 Fortress
11:40 Great Hall
11:41 Watch Tower
12:31 Watch Tower
12:47 Watch Tower
12:49 Voodoo Lounge
13:17 Orc Burrow
13:18 Orc Burrow
14:00 Watch Tower
14:02 Watch Tower
» items
| Circlet of Nobility | 3 | |
| Healing Salve | 3 | |
| Boots of Speed | 1 | |
| Orb of Lightning | 2 | |
| Potion of Mana | 2 | |
| Scroll of Speed | 1 | |
| Scroll of Town Portal | 2 | |
| Potion of Healing | 1 | |
| Lesser Clarity Potion | 1 | |
16 total
PLANTZZOMBIES. (
orange | 65 APM | 1204 actions | 18:24)
5 Blood Mage
2 Banish
3 Flame Strike
» actions
| Assign group hotkey | 23 | |
| Basic commands | 15 | |
| Build / train | 80 | |
| Enter build submenu | 14 | |
| Enter hero's abilities submenu | 5 | |
| Give item / drop item | 2 | |
| Right click | 411 | |
| Select / deselect | 169 | |
| Select group hotkey | 385 | |
| Use ability | 100 | |
1204 total
» units
» upgrades
| Lumber Harvesting | 1 | |
| Sorceress Training | 2 | |
| Masonry | 2 | |
5 total
» buildings
| Altar of Kings | 1 | |
| Farm | 7 | |
| Arcane Vault | 2 | |
| Scout Tower | 3 | |
| Keep | 2 | |
| Arcane Tower | 2 | |
| Lumber Mill | 1 | |
| Guard Tower | 5 | |
| Arcane Sanctum | 1 | |
| Castle | 1 | |
25 total
» build order
00:07 Altar of Kings
00:21 Farm
00:50 Arcane Vault
01:00 Farm
01:26 Scout Tower
02:38 Keep
02:59 Arcane Tower
02:59 Arcane Tower
03:00 Farm
03:50 Lumber Mill
04:06 Scout Tower
04:57 Guard Tower
05:02 Arcane Sanctum
06:18 Guard Tower
06:32 Guard Tower
06:36 Farm
06:51 Scout Tower
07:44 Guard Tower
10:06 Castle
10:10 Farm
11:36 Arcane Vault
14:01 Farm
14:02 Farm
» items
| Scroll of Regeneration | 4 | |
| Mechanical Critter | 2 | |
| Potion of Mana | 8 | |
| Ivory Tower | 3 | |
| Potion of Invisibility | 2 | |
| Staff of Teleportation | 1 | |
| Potion of Lesser Invulnerability | 2 | |
| Lesser Clarity Potion | 1 | |
| Scroll of Town Portal | 4 | |
| Potion of Healing | 1 | |
28 total

»
Canada.Eh (
yellow | 42 APM | 779 actions | 18:24)
6 Tauren Chieftain
3 Endurance Aura
2 War Stomp
1 Reincarnation
6 Shadow Hunter
3 Healing Wave
2 Hex
1 Big Bad Voodoo
» actions
| Assign group hotkey | 20 | |
| Basic commands | 31 | |
| Build / train | 69 | |
| ESC pressed | 4 | |
| Enter build submenu | 17 | |
| Enter hero's abilities submenu | 12 | |
| Give item / drop item | 1 | |
| Right click | 143 | |
| Select / deselect | 169 | |
| Select group hotkey | 233 | |
| Use ability | 80 | |
779 total
» units
| Peon | 13 | |
| Grunt | 4 | |
| Shaman | 6 | |
| Wind Rider | 6 | |
| Troll Batrider | 2 | |
31 total
» upgrades
| Armor | 3 | |
| Shaman Training | 2 | |
| Envenomed Spears | 1 | |
| Ranged Weapons | 2 | |
8 total
» buildings
| Orc Burrow | 6 | |
| Barracks | 1 | |
| Altar of Storms | 1 | |
| Voodoo Lounge | 1 | |
| Stronghold | 1 | |
| War Mill | 2 | |
| Fortress | 1 | |
| Spirit Lodge | 1 | |
| Great Hall | 1 | |
| Beastiary | 2 | |
17 total
» build order
00:24 Orc Burrow
00:48 Barracks
01:26 Altar of Storms
01:53 Orc Burrow
03:16 Voodoo Lounge
03:36 Orc Burrow
03:38 Stronghold
04:20 War Mill
04:24 War Mill
05:59 Fortress
06:08 Spirit Lodge
07:53 Great Hall
08:40 Beastiary
09:37 Beastiary
09:53 Orc Burrow
11:11 Orc Burrow
12:19 Orc Burrow
» items
| Healing Salve | 1 | |
| Periapt of Vitality | 1 | |
| Scroll of Town Portal | 4 | |
| Potion of Lesser Invulnerability | 2 | |
| Circlet of Nobility | 2 | |
| Orb of Lightning | 1 | |
| Lesser Clarity Potion | 2 | |
| Potion of Mana | 1 | |
14 total
HillaryTrumpSEX (
teal | 68 APM | 1249 actions | 18:24)
2 Blademaster
1 Wind Walk
1 Mirror Image
» actions
| Basic commands | 22 | |
| Build / train | 53 | |
| ESC pressed | 5 | |
| Enter build submenu | 38 | |
| Enter hero's abilities submenu | 2 | |
| Remove unit from queue | 12 | |
| Right click | 556 | |
| Select / deselect | 487 | |
| Use ability | 74 | |
1249 total
» units
| Peon | 14 | |
| Grunt | 7 | |
| Demolisher | 3 | |
| Wind Rider | 2 | |
26 total
» upgrades
| Pillage | 1 | |
| Spiked Barricades | 1 | |
2 total
» buildings
| Altar of Storms | 1 | |
| Barracks | 2 | |
| Orc Burrow | 12 | |
| War Mill | 1 | |
| Watch Tower | 10 | |
| Voodoo Lounge | 1 | |
| Stronghold | 1 | |
| Beastiary | 2 | |
30 total
» build order
00:13 Altar of Storms
00:15 Barracks
00:42 Orc Burrow
01:55 Orc Burrow
03:00 War Mill
05:17 Watch Tower
05:19 Watch Tower
05:36 Watch Tower
05:40 Watch Tower
06:11 Orc Burrow
06:14 Orc Burrow
06:48 Voodoo Lounge
06:50 Stronghold
08:04 Orc Burrow
08:12 Orc Burrow
08:19 Orc Burrow
08:35 Orc Burrow
08:42 Watch Tower
09:01 Barracks
09:16 Watch Tower
12:40 Watch Tower
12:42 Watch Tower
12:43 Watch Tower
12:44 Watch Tower
14:24 Beastiary
15:04 Beastiary
15:44 Orc Burrow
16:08 Orc Burrow
16:33 Orc Burrow
18:21 Orc Burrow
» items
| Healing Salve | 4 | |
| Scroll of Speed | 1 | |
| Potion of Healing | 1 | |
6 total
Chat log
(00:12 / Allies) PLANTZZOMBIES.: billy da man
(00:23 / All) HillaryTrumpSEX: I fucked billys tight boy pussy
(00:32 / All) kbilly: You bet you did.
(00:36 / All) Dalarin: a member of the lolita express ?
(00:50 / Allies) Canada.Eh: hi a
(00:51 / Allies) Canada.Eh: plan?
(00:58 / Allies) kbilly: creep mid first.
(01:01 / Allies) Canada.Eh: 3 orcs
(01:02 / Allies) kbilly: I mean, before they do
(01:04 / Allies) Canada.Eh: should bm paly harass
(01:05 / Allies) kbilly: oh 3 orcs?
(01:07 / Allies) kbilly: let's rush.
(01:11 / Allies) kbilly: bm + mk
(01:14 / Allies) kbilly: = kill
(01:14 / Allies) Canada.Eh: kk
(01:22 / Allies) kbilly: meet at teal?
(02:46 / Allies) kbilly: lvl 2 then meet at teal?
(03:09 / Allies) kbilly: yes?
(03:19 / Allies) HillaryTrumpSEX: rush pink
(03:23 / Allies) kbilly: if oj is done creeping my camps.
(03:33 / Allies) PLANTZZOMBIES.: be respectful please billy
(03:44 / Allies) kbilly: you took my camp
(03:47 / Allies) kbilly: I"m going to say so
(03:57 / Allies) PLANTZZOMBIES.: dont see ur name onit
(04:02 / Allies) kbilly: I'm stuck at lvl 1 because of you
(05:00 / Allies) kbilly: rude selfish play and comments.
(05:07 / Allies) PLANTZZOMBIES.: yu're the selfish one friend
(05:13 / Allies) PLANTZZOMBIES.: you said meet at teal and i crept
(06:09 / Allies) kbilly: tower
(06:21 / All) Dalarin: kill teal now since he just wasted an assload of resources
(06:28 / All) PLANTZZOMBIES.: done
(06:39 / Allies) kbilly: b
(07:20 / Allies) kbilly: omw
(07:23 / Allies) PLANTZZOMBIES.: its 2v2
(07:39 / Allies) kbilly: why did you do that/
(08:25 / Allies) HillaryTrumpSEX: lumbuer pea
(09:47 / Allies) kbilly: you ok?
(10:25 / Allies) Canada.Eh: back
(10:33 / Allies) kbilly: omw bot
(11:07 / Allies) kbilly: nice demo
(12:01 / Allies) Canada.Eh: gj
(12:06 / Allies) kbilly: v nive
(12:08 / Allies) kbilly: nice
(12:14 / All) PLANTZZOMBIES.: annoyhing isnt it green
(13:09 / Allies) HillaryTrumpSEX: no air units
(13:40 / Allies) kbilly: shit
(13:52 / Allies) kbilly: need aa help
(14:04 / Allies) HillaryTrumpSEX: make only aa
(15:35 / Allies) kbilly: omw
(16:08 / Allies) kbilly: nj yellow
(16:12 / Allies) Canada.Eh: \ty
(16:14 / Allies) Canada.Eh: u2
(16:19 / All) shook: ur so fucking gay man
(16:21 / Allies) HillaryTrumpSEX: none of them have expanded cept blue
(16:23 / All) PLANTZZOMBIES.: lol
(17:07 / Allies) HillaryTrumpSEX: lumbu
(17:35 / Allies) kbilly: or just me, ok
(17:51 / Allies) HillaryTrumpSEX: i need lumbur bad orange
(17:57 / All) Canada.Eh: gg
(18:07 / All) shook: so gay
(18:11 / All) shook: no skill
(18:19 / All) PLANTZZOMBIES.: rofl
(18:22 / Allies) kbilly: gj yellow